 Dungeon Crawl Stone Soup version 0.24.0-123-gd5b16e6ec5 (webtiles) character file.

Game seed: 5147748139079996513, levelgen mode: deterministic

9776 Peloso the Blocker (level 11, -1/94 HPs)
             Began as a Minotaur Fighter on Jan 27, 2020.
             Was an Initiate of Okawaru.
             Killed by drain life
             ... invoked by a soul eater
              (19 damage)
             ... in a Gauntlet.
             The game lasted 00:21:27 (10779 turns).

Peloso the Blocker (Minotaur Fighter)              Turns: 10779, Time: 00:21:28

Health: -1/94      AC: 17    Str: 22    XL:     11   Next: 27%
Magic:  10/10      EV: 11    Int:  7    God:    Okawaru [......]
Gold:   41         SH: 18    Dex:  8    Spells: 10/10 levels left

rFire    . . .     SeeInvis .   a - +7 falchion
rCold    + . .     Gourm    .   c - +0 large shield
rNeg     . . .     Faith    .   y - +7 leather armour of Hucieghy {rElec MR++ Int+2 Dex-4}
rPois    .         Spirit   .   J - +1 hat
rElec    +         Reflect  .   H - +1 cloak {+Inv}
rCorr    .         Harm     .   z - +0 pair of gloves
MR       ++...     NoTele   +   (no boots)
Stlth    +.........             (no amulet)
HPRegen  0.25/turn              F - ring of protection from cold
MPRegen  0.12/turn              v - +2 ring of protection

@: drained
A: retaliatory headbutt, horns 2
a: Renounce Religion, Evoke Invisibility


You were in a Gauntlet.
You worshipped Okawaru.
Okawaru was noncommittal.
You were hungry.

You visited 2 branches of the dungeon, and saw 12 of its levels.
You also visited: Sewer and Gauntlet.

You collected 493 gold pieces.
You spent 452 gold pieces at shops.

Inventory:

Hand Weapons
 a - a +7 falchion (weapon)
 b - a +0 scimitar of flaming
Armour
 c - a +0 large shield (worn)
 x - +0 acid dragon scales
 y - the +7 leather armour of Hucieghy (worn) {rElec MR++ Int+2 Dex-4}
   (You found it on level 4 of the Dungeon)

   It affects your intelligence (+2).
   It affects your dexterity (-4).
   It insulates you from electricity.
   It affects your resistance to hostile enchantments.
 z - a +0 pair of gloves (worn)
 H - a +1 cloak of invisibility (worn)
 J - a +1 hat (worn)
Jewellery
 g - an uncursed ring of flight
 h - an uncursed ring of magical power
 o - an uncursed ring of flight
 v - a +2 ring of protection (right hand)
 B - an uncursed ring of fire
 F - a ring of protection from cold (left hand)
 L - an uncursed ring of resist corrosion {unknown}
Wands
 p - a wand of flame (34)
 D - a wand of paralysis (16)
Scrolls
 d - 2 scrolls of enchant weapon
 e - 2 scrolls of random uselessness {unknown}
 i - 3 scrolls of remove curse
 j - 2 scrolls of enchant armour {unknown}
 k - a scroll of immolation {unknown}
 l - 4 scrolls of magic mapping
 m - 6 scrolls of teleportation {unknown}
 r - 2 scrolls of noise {unknown}
 t - a scroll of vulnerability {unknown}
 C - 2 scrolls of amnesia {unknown}
 I - 3 scrolls of identify
 K - a scroll of brand weapon
 M - a scroll of blinking {unknown}
Potions
 n - 2 potions of invisibility
 q - 2 potions of curing
 s - 3 potions of heal wounds
 u - 6 potions of agility
 w - 3 potions of brilliance
 A - 2 potions of haste
 E - a potion of magic {unknown}
 G - 4 potions of flight
 N - a potion of berserk rage
 O - a potion of might
Comestibles
 f - 11 rations


   Skills:
 + Level 8.2(7.5) Fighting
 + Level 11.7(10.9) Long Blades
 + Level 6.0(5.3) Armour
 + Level 7.9(7.2) Dodging
 + Level 2.4(1.8) Stealth
 + Level 12.4(11.6) Shields


You had 10 spell levels left.
You didn't know any spells.
Your spell library contained the following spells:

 Spells                   Type           Power        Failure   Level  Hunger
 Animate Skeleton         Necr           N/A          96%         1    ##.....
 Apportation              Tloc           #.....       96%         1    ##.....
 Confusing Touch          Hex            #.....       96%         1    ##.....
 Corona                   Hex            #......      96%         1    ##.....
 Summon Small Mammal      Summ           #...         96%         1    ##.....
 Call Imp                 Summ           #.......     99%         2    ###....
 Ensorcelled Hibernation  Hex/Ice        #.....       99%         2    ###....
 Call Canine Familiar     Summ           #.......     100%        3    ####...
 Confuse                  Hex            #.......     100%        3    ####...
 Dazzling Spray           Conj/Hex       #.....       100%        3    ####...
 Summon Guardian Golem    Hex/Summ       #.......     100%        3    ####...
 Tukima's Dance           Hex            #.......     100%        3    ####...
 Summon Ice Beast         Ice/Summ       #.......     100%        4    #####..
 Summon Lightning Spire   Summ/Air       #.......     100%        4    #####..


Dungeon Overview and Level Annotations

Branches:
Dungeon (11/15)            Temple (1/1) D:7            Lair (0/6) D:11
    Orc (0/2) D:11          Sewer (visited)         Gauntlet (1/1)

Altars:
Ashenzari
Cheibriados
Dithmenos
Elyvilon
Fedhas
Gozag
Hepliaklqana
Kikubaaqudgha
Makhleb
Nemelex Xobeh
Okawaru
Qazlal
Ru
Sif Muna
Trog
Uskayaw
Vehumet
Wu Jian
Xom
Yredelemnul
Zin
The Shining One
Beogh

Shops:
D:4 (   D:10 (?%![

Annotations:
D:8 3 runed translucent doors Gauntlet 11 transporters, 6 runed translucent doors


Innate Abilities, Weirdness & Mutations

You reflexively headbutt those who attack you in melee.
You have a pair of horns on your head.


Message History

* * * LOW HITPOINT WARNING * * *
The soul eater is healed.
You closely miss the soul eater. Your headbutt misses the soul eater.
The soul eater is moderately wounded.
You block the soul eater's attack.
You barely miss the soul eater.
The soul eater is moderately wounded.
The soul eater hits you but does no damage.
Unknown command.
You slash the soul eater!
You headbutt the soul eater, but do no damage.
The soul eater is heavily wounded.
You hit the soul eater but do no damage.
The soul eater is heavily wounded.
The soul eater hits you but does no damage.
Unknown command.
You slash the soul eater!
The soul eater is severely wounded.
The soul eater draws from the surrounding life force!
You die...

#.#########.#########.##
≈....#©.........©#....≈##
≈..8.#.8.8.8.8.8.#.8..≈≈#
≈....#©.........©#....≈##
#.###################.##
≈.#.?.©.[.#.####©####.≈##
≈.#..####.#.###:..###.≈≈#
≈.#.#...#.#.#.?+##..#.≈##
#.#.#.©.#b#.#..#@#5.#.##
≈.#.#...#t#.#..##3..#.≈##
≈.#.####..#.###.5.###.≈≈#
≈.#.....b.#.###...###.≈##
#.#########.#########.##
≈.....©.........©.....≈#
≈≈#≈≈≈#..∩.8.∩..#≈≈≈#≈≈≈#
≈###≈###.......###≈###≈##
# ### ##≈≈≈≈≈## ### ##


You could see a soul eater, a fire crab, a fire bat and 2 shadow imps.

Vanquished Creatures
  Erolcha (D:9)
  A two-headed ogre (D:10)
  Erica (D:8)
  An unseen horror (D:10)
  Psyche (D:8)
  A merfolk (D:9)
  Grinder (D:3)
  A hippogriff (D:10)
  A vampire (D:9)
  Eustachio (D:5)
  A hungry ghost (D:9)
  Grum (D:8)
  A water moccasin (D:8)
  8 orc warriors
  Purgy (Sewer)
  2 ice beasts
  5 sky beasts
  A necrophage (D:7)
  10 ogres
  A phantom (D:6)
  3 wolves (D:8)
  4 centaurs
  2 big kobolds
  6 bullfrogs
  2 scorpions
  A water moccasin skeleton (D:5)
  6 killer bees (D:6)
  7 crimson imps
  2 bullfrog zombies
  3 hounds
  A jelly (D:6)
  3 bullfrog skeletons
  Crazy Yiuf (D:7)
  9 orc priests
  13 orc wizards
  Ijyb (D:4)
  An iguana (D:7)
  4 worker ants
  A hound zombie (D:6)
  A worker ant zombie (D:5)
  6 gnolls
  20 adders
  A shadow imp (Gauntlet)
  5 worms
  2 dart slugs (D:1)
  3 leopard geckos
  58 orcs
  3 ball pythons
  6 giant cockroaches
  6 goblins
  9 hobgoblins
  10 jackals
  12 kobolds
  8 quokkas
  A ball python skeleton (D:6)
  11 bats
  6 frilled lizards
  A quokka skeleton (D:5)
  A quokka zombie (D:6)
  13 rats
294 creatures vanquished.

Notes
Turn   | Place    | Note
-------+----------+-------------------------------------------
     0 | D:1      | Peloso the Minotaur Fighter began the quest for the Orb.
     0 | D:1      | Reached XP level 1. HP: 19/19 MP: 0/0
   127 | D:1      | Reached XP level 2. HP: 26/26 MP: 1/1
   341 | D:1      | Reached skill level 4 in Shields
   582 | D:1      | Reached XP level 3. HP: 33/33 MP: 2/2
   955 | D:2      | Found a hazy altar of Hepliaklqana.
  1532 | D:2      | Reached XP level 4. HP: 40/40 MP: 3/3
  1613 | D:3      | Noticed Grinder
  1625 | D:3      | Killed Grinder
  1625 | D:3      | Reached skill level 1 in Dodging
  1625 | D:3      | Reached skill level 1 in Stealth
  1625 | D:3      | Reached skill level 5 in Shields
  1625 | D:3      | Reached XP level 5. HP: 36/46 MP: 4/4
  1625 | D:3      | Reached XP level 6. HP: 41/52 MP: 5/5
  1635 | D:3      | Reached skill level 5 in Long Blades
  1747 | D:3      | Found a white marble altar of Elyvilon.
  2080 | D:3      | Found an ornate altar of the Wu Jian Council.
  2473 | D:4      | Found a glowing drain.
  2491 | Sewer    | Entered a sewer
  2614 | Sewer    | Noticed Purgy
  2626 | Sewer    | Killed Purgy
  2626 | Sewer    | Reached XP level 7. HP: 52/60 MP: 6/6
  3055 | D:4      | Noticed Ijyb
  3078 | D:4      | Killed Ijyb
  3105 | D:4      | Reached skill level 5 in Armour
  3348 | D:4      | Found Orhajo Ukul's Antique Weapon Emporium.
  3355 | D:4      | Reached skill level 6 in Shields
  3417 | D:4      | Got a fine leather armour
  3428 | D:4      | Identified the +7 leather armour of Hucieghy {rElec MR++
                  | Int+2 Dex-4} (You found it on level 4 of the Dungeon)
  3476 | D:4      | You fall into a shaft and drop 1 floor!
  3476 | D:5      | Entered Level 5 of the Dungeon
  3957 | D:5      | Noticed Eustachio
  3982 | D:5      | Killed Eustachio
  3982 | D:5      | Reached skill level 5 in Fighting
  3982 | D:5      | Reached XP level 8. HP: 43/68 MP: 7/7
  3994 | D:5      | Found a shadowy altar of Dithmenos.
  4481 | D:6      | Reached skill level 7 in Shields
  4719 | D:6      | Reached skill level 8 in Shields
  4863 | D:6      | Reached XP level 9. HP: 52/75 MP: 8/8
  4909 | D:6      | Reached skill level 5 in Dodging
  5084 | D:7      | Reached skill level 9 in Shields
  5333 | D:7      | Found a radiant altar of Vehumet.
  5727 | D:7      | Found a runed translucent door.
  5728 | D:7      | Noticed Crazy Yiuf
  5983 | D:7      | Found a staircase to the Ecumenical Temple.
  6085 | D:7      | Killed Crazy Yiuf
  6204 | Temple   | Entered the Ecumenical Temple
  6518 | D:8      | Found a blossoming altar of Fedhas.
  6638 | D:8      | Reached skill level 10 in Long Blades
  6821 | D:8      | Noticed Grum
  6824 | D:8      | Reached skill level 10 in Shields
  6830 | D:8      | Reached XP level 10. HP: 61/84 MP: 9/9
  7115 | D:8      | Killed Grum
  7152 | D:8      | Noticed Erica
  7165 | D:8      | Killed Erica
  7202 | D:8      | Found a runed translucent gate.
  7202 | D:8      | Found a runed translucent gate.
  7202 | D:8      | Found a runed translucent gate.
  7202 | D:8      | Noticed a green ugly thing
  7202 | D:8      | Noticed a white ugly thing
  7202 | D:8      | Noticed a red ugly thing
  7202 | D:8      | Noticed a red ugly thing
  7203 | D:8      | Noticed a brown ugly thing
  7351 | D:9      | Noticed Psyche
  7365 | D:8      | Killed Psyche
  7452 | D:9      | Noticed Erolcha
  7493 | D:9      | Killed Erolcha
  7493 | D:9      | Reached skill level 11 in Shields
  8199 | D:9      | Found a roughly hewn altar of Beogh.
  8608 | D:9      | Reached XP level 11. HP: 94/94 MP: 10/10
  8723 | D:9      | Reached skill level 12 in Shields
  8741 | D:9      | Found a stormy altar of Qazlal.
  8741 | D:9      | Found a blossoming altar of Fedhas.
  8742 | D:9      | Found an iron altar of Okawaru.
  8865 | D:10     | Entered Level 10 of the Dungeon
  8891 | D:10     | Found Karchemu's Magic Scroll Shop.
  8899 | D:10     | Bought a scroll of magic mapping for 45 gold pieces
  8899 | D:10     | Bought a scroll of remove curse for 39 gold pieces
  8899 | D:10     | Bought a scroll of brand weapon for 260 gold pieces
  9062 | D:10     | Found Kebryx's Antique Weapon Shop.
  9184 | D:10     | Found Bamothre's Antique Armour Shop.
  9300 | D:10     | Found Qiadda's Food Shop.
  9331 | D:10     | Found Beisea Pinae's Distillery.
  9343 | D:10     | Bought a potion of berserk rage for 60 gold pieces
  9343 | D:10     | Bought a potion of might for 48 gold pieces
  9650 | D:10     | Noticed a two-headed ogre
  9668 | D:10     | Killed an unseen horror
  9677 | D:10     | Killed a two-headed ogre
 10248 | D:9      | Became a worshipper of Warmaster Okawaru
 10351 | D:11     | Noticed a five-headed hydra
 10352 | D:11     | Found a gate leading to a gauntlet.
 10367 | Gauntlet | Entered a Gauntlet
 10367 | Gauntlet | Found a transporter.
 10367 | Gauntlet | Found a transporter.
 10367 | Gauntlet | Found a runed translucent door.
 10367 | Gauntlet | Noticed a soul eater
 10372 | Gauntlet | HP: 4/94 [poisoned by an orc wizard]
 10377 | Gauntlet | HP: 3/94 [poisoned by an orc wizard]
 10384 | Gauntlet | Found a runed translucent door.
 10384 | Gauntlet | HP: 3/94 [poisoned by an orc wizard]
 10392 | Gauntlet | HP: 3/94 [poisoned by an orc wizard]
 10396 | Gauntlet | Found a transporter.
 10400 | Gauntlet | Found a transporter.
 10408 | Gauntlet | Found a runed translucent gate.
 10408 | Gauntlet | Found a runed translucent gate.
 10408 | Gauntlet | Found a runed translucent gate.
 10408 | Gauntlet | Noticed a fire crab
 10412 | Gauntlet | Found a transporter.
 10416 | Gauntlet | Found a transporter.
 10429 | Gauntlet | Found a transporter.
 10444 | Gauntlet | Found a runed translucent door.
 10446 | Gauntlet | Found a transporter.
 10448 | Gauntlet | Found a runed translucent door.
 10451 | Gauntlet | Found a transporter.
 10471 | Gauntlet | Found a transporter.
 10471 | Gauntlet | Noticed a death ooze
 10484 | Gauntlet | Found a transporter.
 10488 | Gauntlet | Found a transporter.
 10492 | Gauntlet | Noticed a fire crab
 10779 | Gauntlet | Killed from afar by a soul eater

Levels and vault maps discovered:
D:1:      giann_horns, layout_basic, minmay_crystal_water
D:2:      layout_basic, old_standard_altar, first_ration
D:3:      layout_basic, lemuel_doored_altar, nicolae_overflow_crystal_walls,
          uniq_grinder
D:4:      layout_loops_ring, cheibrodos_sewer_entry_drain, serial_shops,
          kennysheep_mini, uniq_ijyb
D:5:      layout_basic, marbit_many_paths, uniq_eustachio
D:6:      layout_basic
D:7:      layout_loops_ring, overflow_temple_1_default,
          minmay_temple_entry_poolview, uniq_crazy_yiuf_cottage
D:8:      layout_basic, basic_altar,
          ploomutoo_gammafunk_ghost_potion_laboratory, uniq_grum, uniq_erica
D:9:      layout_loops_ring, gammafunk_temple_overflow_forgotten, special_room
          [special_room_orc], hangedman_fish_farm, uniq_psyche, uniq_erolcha
D:10:     layout_stronghold, serial_shops,
          nicolae_shop_competitors_out_of_business, nicolae_shop_stone,
          shop_fountains, kennysheep_mini_moat, nicolae_shop_crystal,
          minmay_rotating_lava
D:11:     layout_small_grid, dpeg_oklobed_lair, orc_0_dummy,
          gauntlet_entry_generic
Temple:   minmay_temple_curvy_branch
Gauntlet: minmay_gauntlet_77_indecision [minmay_gauntlet_arena_77_box,
          minmay_gauntlet_arena_77_cramped,
          minmay_gauntlet_arena_77_double_cross,
          minmay_gauntlet_arena_77_run_for_it,
          minmay_gauntlet_arena_77_shame_cube,
          minmay_gauntlet_arena_77_broken_ladder, gauntlet_exit_watery]

Skill      XL: |  1  2  3  4  5  6  7  8  9 10 11 |
---------------+----------------------------------+-----
Armour         | 4 5 6 |  6.0
Shields        | 4 5 6 8 10 11 12 | 12.4
Long Blades    | 3 4 6 7 8 10 11 | 11.7
Fighting       | 4 5 6 7 8 |  8.2
Dodging        | 1 2 3 4 6 7 |  7.9
Stealth        | 1 2 |  2.4

Action                   |  1- 3 |  4- 6 |  7- 9 | 10-12 || total
-------------------------+-------+-------+-------+-------++-------
Melee: Long sword        |    95 |   129 |   365 |       ||   589
       Headbutt          |    12 |    23 |    68 |    52 ||   155
       Falchion          |       |       |   124 |   328 ||   452
  Use: Potion            |     4 |     2 |       |       ||     6
       Scroll            |       |       |     5 |     1 ||     6
 Stab: Sleeping          |       |     1 |     1 |       ||     2
  Eat: Chunk             |     2 |     3 |    11 |     6 ||    22
       Ration            |       |       |     1 |     2 ||     3
Armor: Scale mail        |    46 |       |       |       ||    46
       Acid dragon scale |     3 |    60 |    16 |       ||    79
       Leather armour    |       |       |   133 |    64 ||   197
       Skin              |       |       |     8 |       ||     8
Dodge: Dodged            |    38 |    39 |   123 |    65 ||   265
Block: Shield            |    49 |    15 |       |       ||    64
       Large shield      |       |   100 |   398 |   275 ||   773
       Rpst.: Long sword |     9 |     9 |    30 |       ||    48
       Falchion          |       |       |     5 |    15 ||    20
